 Dungeon Crawl Stone Soup version 0.21-a0-582-g1b93aee (webtiles) character file.

5 theanonym the Charmwright (level 1, -1/16 HPs)
             Began as a Human Skald on Dec 19, 2017.
             Slain by a jackal (2 damage)
             ... on level 1 of the Dungeon on Dec 20, 2017.
             The game lasted 00:00:11 (45 turns).

theanonym the Charmwright (Human Skald)               Turns: 45, Time: 00:00:12

Health: -1/16      AC:  3    Str: 11    XL:     1   Next: 88%
Magic:  0/3        EV: 12    Int: 13    God:
Gold:   8          SH:  0    Dex: 12    Spells: 3/4 levels left

rFire    . . .     SeeInvis .   a - +0 spear
rCold    . . .     Gourm    .   (no shield)
rNeg     . . .     Faith    .   b - +0 leather armour {4}
rPois    .         Spirit   .   (no helmet)
rElec    .         Reflect  .   (no cloak)
rCorr    .         Harm     .   (no gloves)
MR       .....                  (no boots)
Stlth    +.........             (no amulet)
HPRegen  0.05/turn              (no ring)
MPRegen  0.08/turn              (no ring)

@: no status effects
A: no striking features
a: no special abilities


   Skills:
 + Level 2.1 Fighting
 * Level 2.3 Polearms
 - Level 1.0 Armour
 - Level 2.0 Dodging
 - Level 2.0 Spellcasting
 - Level 3.0 Charms


You had 3 spell levels left.
You knew the following spells:

 Your Spells              Type           Power        Failure   Level  Hunger
a - Infusion              Chrm           #...         10%         1    ##.....

Action                   || total
-------------------------++-------
Melee: Spear             ||    26
 Cast: Infusion          ||     1
Armor: Leather armour    ||     6
Dodge: Dodged            ||    31

Inventory:

Hand Weapons
 a - a +0 spear (weapon)
Armour
 b - a +0 leather armour (worn) {4}
Books
 c - a book of Battle
Comestibles
 e - a ration


You were on level 1 of the Dungeon.
You were not hungry.

You visited 1 branch of the dungeon, and saw 1 of its levels.

You collected 8 gold pieces.

Dungeon Overview and Level Annotations

Branches:
Dungeon (1/15)

Altars:


Message History

The kobold shouts!
You hit the jackal but do no damage.
The jackal bites you but does no damage.
The jackal closely misses you.
The jackal bites you but does no damage.
The jackal bites you. The jackal misses you.
You take 1 damage, and have 15/16 hp.
You hit the jackal. The jackal barely misses you.
The jackal closely misses you. x2
Health restored: 16 You hit the jackal but do no damage.
The jackal closely misses you. x2
The jackal misses you. The jackal closely misses you.
A jackal comes into view.
You barely miss the jackal. The jackal bites you.
The jackal closely misses you. The jackal barely misses you.
The jackal bites you but does no damage.
The jackal closely misses you.
You take 1 damage, and have 15/16 hp.
You begin infusing your attacks with magical energy.
The jackal barks!
The jackal bites you but does no damage.
The jackal completely misses you. The jackal barely misses you.
You now have 2/3 mp.
You hit the jackal.
You kill the jackal!
The jackal closely misses you. x4
You now have 1/3 mp.
The jackal barely misses you.
You see here a jackal corpse.
The jackal misses you.
There is an open door here.
* * * LOW MAGIC WARNING * * *
You hit the jackal. The jackal bites you.
You take 2 damage, and have 13/16 hp.
You now have 0/3 mp.
You closely miss the jackal. The jackal bites you.
You take 1 damage, and have 12/16 hp.
You barely miss the jackal. The jackal closely misses you.
The jackal bites you.
You take 1 damage, and have 11/16 hp.
You closely miss the jackal. The jackal closely misses you.
You barely miss the jackal. The jackal bites you.
The jackal bites you but does no damage.
You take 1 damage, and have 10/16 hp.
You hit the jackal.
You kill the jackal!
The jackal barely misses you.
You barely miss the jackal. The jackal bites you.
You take 1 damage, and have 9/16 hp.
You hit the jackal. The jackal bites you.
* * * LOW HITPOINT WARNING * * *
The jackal misses you.
You take 2 damage, and have 7/16 hp.
You are too injured to fight recklessly!
You are too injured to fight recklessly!
You are too injured to fight recklessly!
You are too injured to fight recklessly!
You are too injured to fight recklessly!
You are too injured to fight recklessly!
You are too injured to fight recklessly!
You are too injured to fight recklessly!
You are too injured to fight recklessly!
You are too injured to fight recklessly!
You are too injured to fight recklessly!
You are too injured to fight recklessly!
You are too injured to fight recklessly!
You are too injured to fight recklessly!
You are too injured to fight recklessly!
You are too injured to fight recklessly!
You are too injured to fight recklessly!
You are too injured to fight recklessly!
You are too injured to fight recklessly!
You are too injured to fight recklessly!
You are too injured to fight recklessly!
You are too injured to fight recklessly!
You hit the jackal.
You kill the jackal!
Your magical infusion is running out.
The rat closely misses you.
You closely miss the rat. The rat bites you but does no damage.
* * * LOW MAGIC WARNING * * *
You hit the rat.
You kill the rat!
You now have 0/3 mp.
You barely miss the kobold. The kobold closely misses you.
You closely miss the kobold. The kobold misses you.
You closely miss the kobold. The kobold misses you.
You hit the kobold but do no damage.
You are no longer magically infusing your attacks.
The kobold hits you.
* * * LOW HITPOINT WARNING * * *
You take 3 damage, and have 4/16 hp.
You barely miss the kobold. The kobold barely misses you.
You closely miss the kobold. The kobold barely misses you.
You barely miss the kobold. The kobold barely misses you.
You hit the kobold.
You kill the kobold!
You hit the jackal. The jackal bites you.
* * * LOW HITPOINT WARNING * * *
The jackal bites you.
You die...

#. .. #. ### #.
.... #. ###..#.##
........#
####.##h# ##@##
##### #####
#...###...###...#
#.8.....8.....<.#
#...###...###...#
##### ##### ##.##
...# .8.# #...#
#####


You could see a jackal.

Notes
Turn   | Place    | Note
-------+----------+-------------------------------------------
     0 | D:1      | theanonym the Human Skald began the quest for the Orb.
     0 | D:1      | Reached XP level 1. HP: 16/16 MP: 3/3
    33 | D:1      | HP: 7/16 [jackal (2)]
    40 | D:1      | HP: 4/16 [kobold (4)]
    45 | D:1      | HP: 1/16 [jackal (3)]
    45 | D:1      | Slain by a jackal

Vanquished Creatures
  3 jackals (D:1)
  A kobold (D:1)
  A rat (D:1)
5 creatures vanquished.

Table legend:
 A = Turns spent in this place as a percentage of turns spent in the entire game.
 B = Non-inter-level travel turns spent in this place as a percentage of non-inter-level travel turns spent in the entire game.
 C = Inter-level travel turns spent in this place as a percentage of turns spent in this place.
 D = Turns resting spent in this place as a percentage of non-inter-level travel turns spent in this place.
 E = Turns spent auto-exploring this place as a percentage of non-inter-level travel turns spent in this place.
 F = Non-inter-level travel turns spent in this place divided by the number of levels of this place that you've seen.
                   A       B       C       D       E      F
               +-------+-------+-------+-------+-------+----------------------
         Total | 100.0 | 100.0 |   0.0 |   0.0 |  28.9 |  45.0
       Dungeon | 100.0 | 100.0 |   0.0 |   0.0 |  28.9 |  45.0
               +-------+-------+-------+-------+-------+----------------------
